TOP OF THE 1ST |
Chicago Hawks batting - Pitching for Kingston Township Legion : RHP Fernando Espinosa
|
Pitching: RHP Fernando Espinosa
|
|
Batting: RHB Tevin McTevin
|
0-0: SINGLE (Line Drive, 8RS)
|
Batting: LHB Jeff Simpson
|
0-0: Called Strike 0-1: Foul Ball, location: 2F 0-2: Ball 1-2: Strikes out swinging
|
Batting: LHB Scott Janousek
|
0-0: Swinging Strike 0-1: Foul Ball, location: 2F 0-2: Ball 1-2: Strikes out swinging
|
Batting: RHB Lane McCool
|
0-0: Ball 1-0: Called Strike 1-1: Ball 2-1: Foul Ball, location: 2F 2-2: Foul Ball, location: 2F 2-2: Foul Ball, location: 2F 2-2: 2-RUN HOME RUN (Flyball, 7D), Distance : 404 ft
|
Batting: RHB Paddy Hodnett
|
0-0: SINGLE (Groundball, 34D)
|
Batting: LHB Raúl Aguirre
|
0-0: Ball 1-0: Ball 2-0: Fly out, F7 (Line Drive, 7LS)
|
Top of the 1st over - 2 runs, 3 hits, 0 errors, 1 left on base; Chicago 2 - Kingston Township 0 |
BOTTOM OF THE 1ST |
Kingston Township Legion batting - Pitching for Chicago Hawks : RHP Michael Machen
|
Pitching: RHP Michael Machen
|
|
Batting: RHB Ron Bernard
|
0-0: Ball 1-0: Foul Ball, location: 2F 1-1: Ball 2-1: Ground out 5-3 (Groundball, 56)
|
Batting: LHB António González
|
0-0: Foul Ball, location: 2F 0-1: Called Strike 0-2: Ground out 3-1 (Groundball, 34)
|
Batting: RHB EP Weston
|
0-0: Foul Ball, location: 2F 0-1: Swinging Strike 0-2: Ground out 5-3 (Groundball, 5L)
|
Bottom of the 1st over - 0 runs, 0 hits, 0 errors, 0 left on base; Chicago 2 - Kingston Township 0 |
TOP OF THE 2ND |
Chicago Hawks batting - Pitching for Kingston Township Legion : RHP Fernando Espinosa
|
Batting: RHB Cam MacIntosh
|
0-0: Called Strike 0-1: Swinging Strike 0-2: Ball 1-2: Ground out 5-3 (Groundball, 56)
|
Batting: LHB Errol Levick
|
0-0: Foul Ball, location: 2F 0-1: Foul Ball, location: 2F 0-2: Ball 1-2: Ball 2-2: SINGLE (Line Drive, 6MD)
|
Batting: RHB Reg Spiers
|
0-0: Ball 1-0: Called Strike 1-1: Ball 2-1: Ball 3-1: Foul Ball, location: 2F 3-2: Fly out, F7 (Flyball, 7S)
|
Batting: RHB Tevin McTevin
|
0-0: Ball 1-0: Ball 2-0: Foul Ball, location: 2F 2-1: Called Strike 2-2: Foul Ball, location: 2F 2-2: Strikes out swinging
|
Top of the 2nd over - 0 runs, 1 hit, 0 errors, 1 left on base; Chicago 2 - Kingston Township 0 |
BOTTOM OF THE 2ND |
Kingston Township Legion batting - Pitching for Chicago Hawks : RHP Michael Machen
|
Batting: RHB Clarence Neal
|
0-0: Called Strike 0-1: Swinging Strike 0-2: Ball 1-2: Ball 2-2: Ground out 6-3 (Groundball, 6)
|
Batting: RHB Dani Trejo
|
0-0: Fly out, F7 (Line Drive, 78D)
|
Batting: RHB Jim Scott
|
0-0: Called Strike 0-1: Ball 1-1: Fly out, F8 (Line Drive, 8LD)
|
Bottom of the 2nd over - 0 runs, 0 hits, 0 errors, 0 left on base; Chicago 2 - Kingston Township 0 |
TOP OF THE 3RD |
Chicago Hawks batting - Pitching for Kingston Township Legion : RHP Fernando Espinosa
|
Batting: LHB Jeff Simpson
|
0-0: Called Strike 0-1: Fly out, F6 (Popup, P)
|
Batting: LHB Scott Janousek
|
0-0: Called Strike 0-1: Ball 1-1: Fly out, F7 (Flyball, 78M)
|
Batting: RHB Lane McCool
|
0-0: Ball 1-0: Called Strike 1-1: Foul Ball, location: 2F 1-2: SINGLE (Groundball, 56D)
|
Batting: RHB Paddy Hodnett
|
0-0: Ball 1-0: Called Strike 1-1: Ball 2-1: Ball 3-1: Foul Ball, location: 2F 3-2: Base on Balls Lane McCool to second
|
Batting: LHB Raúl Aguirre
|
0-0: Called Strike 0-1: Swinging Strike 0-2: Strikes out looking
|
Top of the 3rd over - 0 runs, 1 hit, 0 errors, 2 left on base; Chicago 2 - Kingston Township 0 |
BOTTOM OF THE 3RD |
Kingston Township Legion batting - Pitching for Chicago Hawks : RHP Michael Machen
|
Batting: RHB Júlio Rodríguez
|
0-0: Called Strike 0-1: Ball 1-1: Ball 2-1: Fly out, F7 (Flyball, 7LSF)
|
Batting: LHB Mike Gardner
|
0-0: Swinging Strike 0-1: Foul Ball, location: 2F 0-2: Strikes out looking
|
Batting: RHB José Icaza
|
0-0: Ball 1-0: Ground out 6-3 (Groundball, 6S)
|
Bottom of the 3rd over - 0 runs, 0 hits, 0 errors, 0 left on base; Chicago 2 - Kingston Township 0 |
TOP OF THE 4TH |
Chicago Hawks batting - Pitching for Kingston Township Legion : RHP Fernando Espinosa
|
Batting: RHB Cam MacIntosh
|
0-0: Ball 1-0: Fly out, F9 (Flyball, 9LSF)
|
Batting: LHB Errol Levick
|
0-0: Ball 1-0: Foul Ball, location: 2F 1-1: Ball 2-1: SINGLE (Line Drive, 4M)
|
Batting: RHB Reg Spiers
|
0-0: Ball 1-0: Foul Ball, location: 2F 1-1: Foul Ball, location: 2F 1-2: Foul Ball, location: 2F 1-2: SINGLE (Groundball, 4D) Errol Levick to second Runner from 2nd tries for 3rd, SAFE, throw made to third
|
Batting: RHB Tevin McTevin
|
0-0: Foul Ball, location: 2F 0-1: Fly out, F7 (Flyball, 7LS)
|
Batting: LHB Jeff Simpson
|
0-0: Ball 1-0: Foul Ball, location: 2F 1-1: Ball 2-1: Foul Ball, location: 2F 2-2: Ball 3-2: Ground out 5-3 (Groundball, 56S)
|
Top of the 4th over - 0 runs, 2 hits, 0 errors, 2 left on base; Chicago 2 - Kingston Township 0 |
BOTTOM OF THE 4TH |
Kingston Township Legion batting - Pitching for Chicago Hawks : RHP Michael Machen
|
Batting: RHB Ron Bernard
|
0-0: Ball 1-0: Foul Ball, location: 2F 1-1: Ball 2-1: Ball 3-1: Called Strike 3-2: Fly out, F9 (Flyball, 9S)
|
Batting: LHB António González
|
0-0: Fly out, F7 (Flyball, 7)
|
Batting: RHB EP Weston
|
0-0: Ground out 6-3 (Groundball, 6M)
|
Bottom of the 4th over - 0 runs, 0 hits, 0 errors, 0 left on base; Chicago 2 - Kingston Township 0 |
TOP OF THE 5TH |
Chicago Hawks batting - Pitching for Kingston Township Legion : RHP Fernando Espinosa
|
Batting: LHB Scott Janousek
|
0-0: Called Strike 0-1: Ball 1-1: Swinging Strike 1-2: Foul Ball, location: 2F 1-2: Ball 2-2: Ball 3-2: Fly out, F8 (Flyball, 8RS)
|
Batting: RHB Lane McCool
|
0-0: Foul Ball, location: 2F 0-1: Foul Ball, location: 2F 0-2: Foul Ball, location: 2F 0-2: Strikes out swinging
|
Batting: RHB Paddy Hodnett
|
0-0: Called Strike 0-1: SINGLE (Line Drive, 6)
|
Batting: LHB Raúl Aguirre
|
0-0: Ball 1-0: Ball 2-0: Ball 3-0: Called Strike 3-1: Called Strike 3-2: DOUBLE (Groundball, 3L) Paddy Hodnett to third Paddy Hodnett scores
|
Batting: RHB Cam MacIntosh
|
0-0: Called Strike 0-1: Called Strike 0-2: SINGLE (Groundball, 3D) Raúl Aguirre to third Runner from 3rd tries for Home, SAFE, no throw
|
Batting: LHB Errol Levick
|
0-0: Called Strike 0-1: Foul Ball, location: 2F 0-2: Ball 1-2: Foul Ball, location: 2F 1-2: Ball 2-2: Ground out 4-3 (Groundball, 4)
|
Top of the 5th over - 2 runs, 3 hits, 0 errors, 1 left on base; Chicago 4 - Kingston Township 0 |
BOTTOM OF THE 5TH |
Kingston Township Legion batting - Pitching for Chicago Hawks : RHP Michael Machen
|
Batting: RHB Clarence Neal
|
0-0: Ball 1-0: Foul Ball, location: 2F 1-1: Foul Ball, location: 2F 1-2: Strikes out swinging
|
Batting: RHB Dani Trejo
|
0-0: TRIPLE (Flyball, 9D)
|
Batting: RHB Jim Scott
|
0-0: Swinging Strike 0-1: Called Strike 0-2: Foul Ball, location: 2F 0-2: Strikes out swinging
|
Batting: RHB Júlio Rodríguez
|
0-0: Ball 1-0: Ball 2-0: Ball 3-0: Base on Balls
|
Batting: LHB Mike Gardner
|
0-0: Ball 1-0: Foul Ball, location: 2F 1-1: Called Strike 1-2: Ball 2-2: Ball 3-2: Foul Ball, location: 2F 3-2: Strikes out looking
|
Bottom of the 5th over - 0 runs, 1 hit, 0 errors, 2 left on base; Chicago 4 - Kingston Township 0 |
TOP OF THE 6TH |
Chicago Hawks batting - Pitching for Kingston Township Legion : RHP Fernando Espinosa
|
Batting: RHB Reg Spiers
|
0-0: Ball 1-0: Ball 2-0: Ball 3-0: Base on Balls
|
Batting: RHB Tevin McTevin
|
0-0: Ball 1-0: Bunted foul 1-1: Sac Bunt - play at first, batter OUT! 5-4 Reg Spiers to second
|
Pitching: RHP Yosuke Takahashi
|
|
Batting: LHB Jeff Simpson
|
0-0: Called Strike 0-1: Swinging Strike 0-2: Ball 1-2: Foul Ball, location: 2F 1-2: Foul Ball, location: 2F 1-2: Ground out U3 (Groundball, 3) Reg Spiers to third
|
Batting: LHB Scott Janousek
|
0-0: Intentional Walk
|
Batting: RHB Lane McCool
|
0-0: Called Strike 0-1: Ball 1-1: Ball 2-1: Fly out, F9 (Flyball, 9LM)
|
Top of the 6th over - 0 runs, 0 hits, 0 errors, 2 left on base; Chicago 4 - Kingston Township 0 |
BOTTOM OF THE 6TH |
Kingston Township Legion batting - Pitching for Chicago Hawks : RHP Michael Machen
|
Batting: RHB José Icaza
|
0-0: Ball 1-0: Ball 2-0: Fly out, F9 (Flyball, 89S)
|
Batting: RHB Ron Bernard
|
0-0: Ball 1-0: Fly out, F8 (Line Drive, 8LM)
|
Batting: LHB António González
|
0-0: Called Strike 0-1: Ground out 4-3 (Groundball, 34)
|
Bottom of the 6th over - 0 runs, 0 hits, 0 errors, 0 left on base; Chicago 4 - Kingston Township 0 |
TOP OF THE 7TH |
Chicago Hawks batting - Pitching for Kingston Township Legion : RHP Yosuke Takahashi
|
Batting: RHB Paddy Hodnett
|
0-0: Called Strike 0-1: Ball 1-1: Swinging Strike 1-2: Strikes out swinging, 2-3 out at first.
|
Batting: LHB Raúl Aguirre
|
0-0: Foul Ball, location: 2F 0-1: Foul Ball, location: 2F 0-2: Ball 1-2: Ball 2-2: Foul Ball, location: 2F 2-2: Foul Ball, location: 2F 2-2: Foul Ball, location: 2F 2-2: Ball 3-2: Ground out 5-3 (Groundball, 5L)
|
Batting: RHB Cam MacIntosh
|
0-0: Ball 1-0: Fly out, F9 (Line Drive, 89D)
|
Top of the 7th over - 0 runs, 0 hits, 0 errors, 0 left on base; Chicago 4 - Kingston Township 0 |
BOTTOM OF THE 7TH |
Kingston Township Legion batting - Pitching for Chicago Hawks : RHP Michael Machen
|
Batting: RHB EP Weston
|
0-0: Called Strike 0-1: Swinging Strike 0-2: Foul Ball, location: 2F 0-2: Ball 1-2: Ground out 6-3 (Groundball, 6)
|
Batting: RHB Clarence Neal
|
0-0: Called Strike 0-1: Ground out 5-3 (Groundball, 56)
|
Batting: RHB Dani Trejo
|
0-0: Foul Ball, location: 2F 0-1: Called Strike 0-2: Foul Ball, location: 2F 0-2: Ball 1-2: Strikes out looking
|
Bottom of the 7th over - 0 runs, 0 hits, 0 errors, 0 left on base; Chicago 4 - Kingston Township 0 |
TOP OF THE 8TH |
Chicago Hawks batting - Pitching for Kingston Township Legion : RHP Yosuke Takahashi
|
Batting: LHB Errol Levick
|
0-0: Called Strike 0-1: Ground out U3 (Groundball, 3D)
|
Batting: RHB Reg Spiers
|
0-0: Foul Ball, location: 2F 0-1: Ball 1-1: Fly out, F9 (Flyball, 9LSF)
|
Batting: RHB Tevin McTevin
|
0-0: Called Strike 0-1: Swinging Strike 0-2: Ball 1-2: Ball 2-2: Foul Ball, location: 2F 2-2: Ball 3-2: Foul Ball, location: 2F 3-2: Foul Ball, location: 2F 3-2: Ground out 5-3 (Groundball, 25)
|
Top of the 8th over - 0 runs, 0 hits, 0 errors, 0 left on base; Chicago 4 - Kingston Township 0 |
BOTTOM OF THE 8TH |
Kingston Township Legion batting - Pitching for Chicago Hawks : RHP Michael Machen
|
Batting: RHB Jim Scott
|
0-0: Called Strike 0-1: Ball 1-1: Fly out, F7 (Flyball, 7S)
|
Batting: RHB Júlio Rodríguez
|
0-0: Fly out, F9 (Line Drive, 89M)
|
Batting: LHB Mike Gardner
|
0-0: Ball 1-0: Swinging Strike 1-1: Foul Ball, location: 2F 1-2: DOUBLE (Line Drive, 7D)
|
Batting: RHB José Icaza
|
0-0: Foul Ball, location: 2F 0-1: Ball 1-1: Swinging Strike 1-2: Foul Ball, location: 2F 1-2: Ball 2-2: Strikes out swinging
|
Bottom of the 8th over - 0 runs, 1 hit, 0 errors, 1 left on base; Chicago 4 - Kingston Township 0 |
TOP OF THE 9TH |
Chicago Hawks batting - Pitching for Kingston Township Legion : RHP Yosuke Takahashi
|
Batting: LHB Jeff Simpson
|
0-0: Ball 1-0: Ball 2-0: DOUBLE (Groundball, 3L)
|
Batting: LHB Scott Janousek
|
0-0: Intentional Walk
|
Batting: RHB Lane McCool
|
0-0: Swinging Strike 0-1: Swinging Strike 0-2: Fly out, F4 (Popup, 13)
|
Pitching: RHP Noburo Oishi
|
|
Batting: RHB Paddy Hodnett
|
0-0: Ball 1-0: Ball 2-0: Called Strike 2-1: Foul Ball, location: 2F 2-2: Strikes out swinging
|
Batting: LHB Raúl Aguirre
|
0-0: DOUBLE (Flyball, 89D) Jeff Simpson scores Scott Janousek to third
|
Batting: RHB Cam MacIntosh
|
0-0: SINGLE (Groundball, 5D) Scott Janousek scores Raúl Aguirre to third Runner from 3rd tries for Home, SAFE, no throw
|
Batting: LHB Errol Levick
|
0-0: Called Strike 0-1: Called Strike 0-2: Ball 1-2: Ball 2-2: Ball 3-2: Strikes out swinging
|
Top of the 9th over - 3 runs, 3 hits, 0 errors, 1 left on base; Chicago 7 - Kingston Township 0 |
BOTTOM OF THE 9TH |
Kingston Township Legion batting - Pitching for Chicago Hawks : RHP Michael Machen
|
Batting: RHB Ron Bernard
|
0-0: Foul Ball, location: 2F 0-1: Ball 1-1: Ball 2-1: Foul Ball, location: 2F 2-2: Ball 3-2: Foul Ball, location: 2F 3-2: TRIPLE (Flyball, 89XD)
|
Pitching: RHP Stanley Eldrige
|
|
Batting: LHB António González
|
0-0: Ball 1-0: Ball 2-0: Called Strike 2-1: Ball 3-1: Foul Ball, location: 2F 3-2: Ground out 4-3 (Groundball, 4) Ron Bernard scores
|
Batting: RHB EP Weston
|
0-0: Called Strike 0-1: Ball 1-1: SINGLE (Groundball, 34D)
|
Batting: RHB Clarence Neal
|
0-0: Ball 1-0: Ball 2-0: Ball 3-0: Base on Balls EP Weston to second
|
Batting: RHB Dani Trejo
|
0-0: Swinging Strike 0-1: Called Strike 0-2: Strikes out looking
|
Batting: RHB Jim Scott
|
0-0: Foul Ball, location: 2F 0-1: Ball 1-1: Fly out, F7 (Flyball, 78D)
|
Bottom of the 9th over - 1 run, 2 hits, 0 errors, 2 left on base; Chicago 7 - Kingston Township 1 |
|